Cogmind - Beta 9.6 @@@ ROGUE MODE // 2020.09.06 @ 01:30:35 Player: Carlyle Result: Destroyed by Y-54 Guardian with Flak Gun Performance ------------- Evolutions (4) 2000 Regions Visited (7) 1400 Robots Destroyed (42) 210 Value Destroyed (1106) 1106 Prototype IDs (4) 80 Alien Tech Used (0) 0 Bonus (212) 212 TOTAL SCORE: 5008 Bonus ------- High Alert Combat Kills 13 Follower Combat Kills 199 Cogmind --------- Core Integrity 0/850 Matter 300/300 Energy 98/100 System Corruption 0% Temperature Cool (6) Movement Core (50) Location -6/Extension Parts ------- > --- POWER (2) -------- (None) > --- PROPULSION (3) --- (None) > --- UTILITY (7) ------ Advanced Heat Sink Advanced Signal Interpreter > --- WEAPON (3) ------- (None) > --- INVENTORY (4) ---- (None) Peak State ------------ > --- POWER ------------ (None) > --- PROPULSION ------- Flexi-carbon Leg Compact Wheel Gravmag System > --- UTILITY ---------- Improved Heat Sink Improved Cooling System Medium Matter Pod Advanced Signal Interpreter Core Analyzer Maneuvering Thrusters System Guard > --- WEAPON ----------- Axe Axe Spear > --- INVENTORY -------- Improved Carbon-fiber Leg Improved EM Pulse Cannon Axe Axe [Rating: 44] Favorites ----------- Power Heavy Ion Engine Engine Heavy Ion Engine Power Core Light Nuclear Core Propulsion Compact Wheel Leg Improved Carbon-fiber Leg Wheel Compact Wheel Hover Unit Gravmag System Utility Advanced Signal Interpreter Device Sensor Array Storage Large Storage Unit Processor Advanced Signal Interpreter Protection Medium Armor Plating Weapon Improved EM Shotgun Energy Gun Improved EM Shotgun Energy Cannon Beam Cannon Ballistic Gun Improved Assault Rifle Ballistic Cannon Bore Cannon Launcher Mini Grenade Launcher Slashing Weapon Axe Piercing Weapon Spear Build | -11 -10 -9 -9 -8 -7 -6 -6 ------- Run | Scr Mat Mat Min Mat Fac Fac Ext Slots Evolved 8 | . . 2 . 2 2 2 . Power 1 | . . . . . . 1 . Propulsion 1 | . . . . 1 . . . Utility 5 | . . 2 . . 2 1 . Weapon 1 | . . . . 1 . . . Parts Attached 62 | 6 2 9 1 6 20 7 11 Power 4 | 1 . 1 . . 2 . . Engine 3 | 1 . 1 . . 1 . . Core 1 | . . . . . 1 . . Reactor . | . . . . . . . . Propulsion 12 | 2 . 1 . 3 . 3 3 Treads . | . . . . . . . . Leg 7 | . . . . 3 . 1 3 Wheel 4 | 2 . 1 . . . 1 . Hover 1 | . . . . . . 1 . Flight . | . . . . . . . . Utility 15 | 1 2 2 . 2 3 2 3 Device 7 | . . . . 1 2 1 3 Storage 3 | 1 1 . . . . 1 . Processor 2 | . . . . 1 1 . . Hackware . | . . . . . . . . Protection 3 | . 1 2 . . . . . Artifact . | . . . . . . . . Weapon 31 | 2 . 5 1 1 15 2 5 Energy Gun 13 | 2 . 4 . 1 5 . 1 Energy Cannon 2 | . . 1 . . . . 1 Ballistic Gun 4 | . . . . . 4 . . Ballistic Cannon 1 | . . . . . . . 1 Launcher 5 | . . . 1 . 4 . . Special Weapon . | . . . . . . . . Impact Weapon . | . . . . . . . . Slashing Weapon 4 | . . . . . . 2 2 Piercing Weapon 2 | . . . . . 2 . . Special Melee Weapon . | . . . . . . . . Unidentified Prototypes 4 | . . 3 . . 1 . . Parts Lost 30 | . . . . . 12 . 18 Power 3 | . . . . . 3 . . Propulsion 7 | . . . . . 3 . 4 Utility 8 | . . . . . 2 . 6 Weapon 12 | . . . . . 4 . 8 Highest Loss Streak 15 | . . . . . 5 . 15 Average Slot Usage (%) 77 | . 97 95 100 88 75 59 59 Engine 5 | . 14 11 11 9 4 . . Leg 8 | . . . . 3 16 4 7 Wheel 8 | . 28 22 22 15 . 4 3 Hover 1 | . . . . . . 4 3 Device 8 | . . . . . 12 12 13 Storage 6 | . 14 11 11 9 5 4 3 Processor 8 | . . . . . 14 13 10 Protection 8 | . 11 30 33 23 2 . . Energy Gun 10 | . 28 14 11 18 10 . 1 Ballistic Gun 1 | . . . . . 4 . . Launcher 1 | . . . 11 9 1 . . Slashing Weapon 2 | . . . . . . 6 8 Piercing Weapon 2 | . . . . . 1 6 3 Naked Turns . | . . . . . . . . Heaviest Build 48 | 10 25 47 47 48 42 14 16 Greatest Support 58 | 32 32 32 32 54 54 11 58 Greatest Overweight (x) 4 | . . 1 1 2 2 1 4 Average Overweight (x) . | . . . 1 . . . . Largest Inventory Capacity 10 | 6 10 10 10 10 10 4 4 Average Capacity 7 | 5 8 10 10 10 8 4 4 Most Carried 10 | 4 9 10 9 10 10 4 4 Average Carried 6 | 3 6 8 8 8 7 3 2 Final Capacity 10 | 6 10 10 10 10 4 4 4 Final Carried 9 | 4 9 9 9 8 4 4 . Class Distribution -------------------- 91% | Mutant 5% | Skirmisher Dominant Class ---------------- Mutant | -10/Materials Mutant | -9/Materials Mutant | -9/Mines Mutant | -8/Materials Mutant | -7/Factory Mutant | -6/Factory Mutant | -6/Extension Resources | -11 -10 -9 -9 -8 -7 -6 -6 ----------- Run | Scr Mat Mat Min Mat Fac Fac Ext Matter Collected 978 | 244 16 100 146 30 277 . 165 Remotely . | . . . . . . . . Salvage Created 1519 | 24 33 178 186 165 744 . 189 Parts 73 | . 1 11 14 8 33 . 6 Haulers Intercepted 4 | . . 3 . . 1 . . Recyclers Shooed 1 | . . . . . 1 . . Parts Field Recycled . | . . . . . . . . Retrieved Matter . | . . . . . . . . Parts Self-Destructed . | . . . . . . . . Prevented . | . . . . . . . . Kills | -11 -10 -9 -9 -8 -7 -6 -6 ------- Run | Scr Mat Mat Min Mat Fac Fac Ext Combat Hostiles Destroyed 26 | . 1 1 2 5 14 . 3 Melee 3 | . . . . . 1 . 2 Guns 5 | . 1 . . 2 2 . . Cannons 2 | . . 1 . . . . 1 AOE 14 | . . . 2 3 9 . . Classes Destroyed 9 | 1 1 1 2 2 2 . . Worker 6 | 1 . . 1 . 4 . . Builder 1 | . . . 1 . . . . Hauler 4 | . . 3 . . 1 . . Recycler 3 | . . . 1 . 2 . . Watcher 2 | . . . . 1 1 . . Swarmer 10 | . . . . 3 7 . . Grunt 12 | . 1 1 2 2 5 . 1 Sentry 3 | . . . . . 1 . 2 Programmer 1 | . . . . . 1 . . Best Kill Streak 11 | 1 1 2 5 3 11 . 3 Combat Bots Only 7 | . 1 1 2 2 7 . 3 Max Kills in Single Turn 3 | 1 1 2 2 2 3 . 1 Gunslinging . | . . . . . . . . Exploded 3 | . . . 1 2 3 . . Melee 1 | . . . . . 1 . 1 Uniques/NPCs Destroyed . | . . . . . . . . Combat | -11 -10 -9 -9 -8 -7 -6 -6 -------- Run | Scr Mat Mat Min Mat Fac Fac Ext Damage Taken 4111 | . 23 98 42 153 1807 . 1988 Core 1354 | . . . . 28 472 . 854 Absorbed by Shields . | . . . . . . . . Core Remaining (%) 85 | 100 100 . 100 94 32 . . Volleys Fired 75 | 4 5 8 6 9 41 . 2 Largest 3 | 2 2 2 1 2 3 . 1 Hottest 125 | 90 90 110 45 90 125 . 69 Shots Fired 134 | 8 8 16 6 16 78 . 2 Gun 112 | 8 8 9 2 14 71 . . Cannon 9 | . . 7 . . . . 2 Launcher 13 | . . . 4 2 7 . . Special . | . . . . . . . . Kinetic 7 | . . . . . 7 . . Thermal 30 | 8 8 14 . . . . . Explosive 10 | . . . 4 2 4 . . Electromagnetic 87 | . . 2 2 14 67 . 2 Robot Hit Streak 10 | 1 2 5 4 7 10 . 1 Robot Miss Streak 9 | 3 1 1 1 9 4 . 1 Penetration Max . | . . . . . . . . Secondary Targets 1 | . . . . 1 . . . Max Gunslinging Chain 1 | . . . . 1 . . . Shots Hit Robots 111 | 3 4 13 3 10 65 . 13 Core Hits 77 | 1 2 6 7 10 44 . 7 Critical Hits 3 | . . . . 1 1 . 1 Critical Kills . | . . . . . . . . Critical Parts Destroyed 2 | . . . . 1 1 . . Melee Attacks 28 | . . . . . 11 . 17 Impact . | . . . . . . . . Slashing 10 | . . . . . . . 10 Piercing 18 | . . . . . 11 . 7 Sneak Attacks 1 | . . . . . 1 . . Combat Hostiles . | . . . . . . . . Follow-up Attacks 5 | . . . . . . . 5 Damage Inflicted 3359 | 37 60 238 208 317 2093 . 406 Guns 1236 | 37 60 95 24 164 856 . . Cannons 114 | . . 89 . . . . 25 Explosions 1406 | . . 54 184 153 1015 . . Melee 585 | . . . . . 217 . 368 Ramming 18 | . . . . . 5 . 13 Kinetic 57 | . . . . . 57 . . Thermal 631 | 37 60 204 . 43 287 . . Explosive 875 | . . . 184 110 581 . . Electromagnetic 1193 | . . 34 24 164 946 . 25 Impact . | . . . . . . . . Slashing 239 | . . . . . . . 239 Piercing 346 | . . . . . 217 . 129 Highest Corruption 8 | . . . . . 8 . . Average Corruption 4 | . . . . . 4 . . Corruption Purged . | . . . . . . . . Effects 11 | . . . . . 11 . . Message Errors 2 | . . . . . 2 . . Matter Fused 1 | . . . . . 1 . . Heat Flow Errors 2 | . . . . . 2 . . Energy Discharges 1 | . . . . . 1 . . Data Loss (major) 2 | . . . . . 2 . . Targeting Errors 3 | . . . . . 3 . . Overload Shots . | . . . . . . . . Overflow Damage 43 | . . . . . 16 . 27 Projectiles . | . . . . . . . . Explosions 16 | . . . . . 16 . . Melee 27 | . . . . . . . 27 Knockbacks . | . . . . . . . . Impact . | . . . . . . . . Kinetic . | . . . . . . . . Secondary . | . . . . . . . . Self-Inflicted Damage 255 | . . 34 26 41 149 . 5 Shots 9 | . . 1 1 1 6 . . Rammed 8 | . . . . . 1 . 7 Targets Rammed 9 | . . . . . 2 . 7 Kicked 1 | . . . . . 1 . . Crushed . | . . . . . . . . Highest Temperature 334 | 120 161 334 36 139 198 . 12 Average Temperature 75 | 68 77 171 15 72 34 . 6 Received Heat Transfer 1233 | . 12 30 9 63 504 . 615 Effects 1 | . . 1 . . . . . Energy Bleed 1 | . . 1 . . . . . Siege Activations . | . . . . . . . . Robots Corrupted 2 | . . . . . 2 . . Combat Hostiles 2 | . . . . . 2 . . Parts Fried 8 | . . . . 1 7 . . Impact Corruptions . | . . . . . . . . Robots Melted . | . . . . . . . . Combat Hostiles . | . . . . . . . . Parts Melted . | . . . . . . . . Heat Transferred 1092 | 99 173 470 . 50 300 . . Parts Sabotaged . | . . . . . . . . Parts Stolen . | . . . . . . . . Parts Stripped . | . . . . . . . . Power Chain Reactions 7 | . . 1 . 1 5 . . Missiles Intercepted . | . . . . . . . . Alert | -11 -10 -9 -9 -8 -7 -6 -6 ------- Run | Scr Mat Mat Min Mat Fac Fac Ext Peak Influence 448 | 5 23 68 106 232 448 129 129 Average Influence 134 | . 10 27 88 129 249 125 74 Maximum Alert Level 2 | . . . . 1 2 . . Low Security (%) 72 | 100 100 100 100 74 31 100 100 Level 1 26 | . . . . 25 65 . . Level 2 . | . . . . . 2 . . Level 3 . | . . . . . . . . Level 4 . | . . . . . . . . Level 5 . | . . . . . . . . High Security . | . . . . . . . . Max Security . | . . . . . . . . Squads Dispatched 11 | . . . . 1 9 . 1 Investigation 2 | . . . . . 1 . 1 Extermination 1 | . . . . . 1 . . Reinforcement 6 | . . . . 1 5 . . Assault 1 | . . . . . 1 . . Garrison 1 | . . . . . 1 . . Intercept . | . . . . . . . . Construction Impeded . | . . . . . . . . Haulers Reinforced . | . . . . . . . . Stealth | -11 -10 -9 -9 -8 -7 -6 -6 --------- Run | Scr Mat Mat Min Mat Fac Fac Ext Distress Signals 4 | . . 2 . 1 1 . . Communications Jammed . | . . . . . . . . Distress Signals . | . . . . . . . . Times Spotted 80 | . 1 9 2 10 42 . 16 Peak Tracking Total 9 | . 1 4 2 3 9 . 8 Tactical Retreats 9 | . . . . 1 7 . 1 Traps | -11 -10 -9 -9 -8 -7 -6 -6 ------- Run | Scr Mat Mat Min Mat Fac Fac Ext Traps Triggered 2 | . . . . . 2 . . Indirectly . | . . . . . . . . Trap Hack Attempts . | . . . . . . . . Triggered . | . . . . . . . . Disarmed . | . . . . . . . . Reprogrammed . | . . . . . . . . Reused . | . . . . . . . . Traps Extracted . | . . . . . . . . Installed . | . . . . . . . . Triggered 2 | . . . . . 2 . . Machines | -11 -10 -9 -9 -8 -7 -6 -6 ---------- Run | Scr Mat Mat Min Mat Fac Fac Ext Machines Disabled 5 | . . . 1 1 3 . . Max in Single Turn 1 | . . . 1 1 1 . . Garrison Access 1 | . . . . . 1 . . Machines Sabotaged . | . . . . . . . . Garrisons Compromised . | . . . . . . . . Overloaded Fab Kills 1 | . . . . . 1 . . Fab Network Shutdowns . | . . . . . . . . Hacking | -11 -10 -9 -9 -8 -7 -6 -6 --------- Run | Scr Mat Mat Min Mat Fac Fac Ext Machines Accessed 12 | . 1 1 . . 3 1 6 Terminals 10 | . 1 1 . . 1 1 6 Fabricators 2 | . . . . . 2 . . Repair Stations . | . . . . . . . . Recycling Units . | . . . . . . . . Scanalyzers . | . . . . . . . . Garrison Access . | . . . . . . . . Total Hacks 28 | . 3 6 . . 4 2 13 Successful 14 | . 1 2 . . 3 1 7 Failed 14 | . 2 4 . . 1 1 6 Catastrophic . | . . . . . . . . Database Lockouts . | . . . . . . . . Manual 14 | . 3 6 . . 3 . 2 Terminals 26 | . 3 6 . . 2 2 13 Fabricators 2 | . . . . . 2 . . Repair Stations . | . . . . . . . . Recycling Units . | . . . . . . . . Scanalyzers . | . . . . . . . . Garrison Access . | . . . . . . . . Terminal Hacks 6 | . . . . . . 1 5 Open Door 5 | . . . . . . 1 4 Zone Layout 1 | . . . . . . . 1 Fabricator Hacks 1 | . . . . . 1 . . Build 1 | . . . . . 1 . . Repair Station Hacks . | . . . . . . . . Recycling Unit Hacks . | . . . . . . . . Scanalyzer . | . . . . . . . . Garrison Access Hacks . | . . . . . . . . Unauthorized Hacks 7 | . 1 2 . . 2 . 2 Terminals 6 | . 1 2 . . 1 . 2 Track 4 | . 1 1 . . 1 . 1 Botnet 2 | . . 1 . . . . 1 Fabricators 1 | . . . . . 1 . . Overload 1 | . . . . . 1 . . Repair Stations . | . . . . . . . . Recycling Units . | . . . . . . . . Scanalyzers . | . . . . . . . . Garrison Access . | . . . . . . . . Data Cores Recovered . | . . . . . . . . Used . | . . . . . . . . Hacking Detections 10 | . 1 1 . . 2 1 5 Full Trace Events 1 | . . . . . . . 1 Feedback Events . | . . . . . . . . Feedback Blocked . | . . . . . . . . Robot Schematics Acquired . | . . . . . . . . Robots Built 1 | . . . . . 1 . . Matter 219 | . . . . . 219 . . Time 58 | . . . . . 58 . . Total Robot Build Rating 3 | . . . . . 3 . . Part Schematics Acquired . | . . . . . . . . Parts Built . | . . . . . . . . Matter . | . . . . . . . . Time . | . . . . . . . . Total Part Build Rating . | . . . . . . . . Parts Repaired . | . . . . . . . . Time . | . . . . . . . . Parts Recycled . | . . . . . . . . Recycled Matter . | . . . . . . . . Retrieved Matter . | . . . . . . . . Retrieved Components . | . . . . . . . . Parts Scanalyzed . | . . . . . . . . Part Schematics Acquired . | . . . . . . . . Parts Damaged . | . . . . . . . . Bothacking | -11 -10 -9 -9 -8 -7 -6 -6 ------------ Run | Scr Mat Mat Min Mat Fac Fac Ext Used RIF Installer . | . . . . . . . . Robots Hacked . | . . . . . . . . Non-combat . | . . . . . . . . Combat . | . . . . . . . . Robot Hacks Applied . | . . . . . . . . Relay Couplers Released 2 | . . . . . 2 . . Machine Destruction 2 | . . . . . 2 . . Robots Rewired 4 | . . . . . . . 4 Allies Hacked . | . . . . . . . . Hacks Repelled . | . . . . . . . . Allies | -11 -10 -9 -9 -8 -7 -6 -6 -------- Run | Scr Mat Mat Min Mat Fac Fac Ext Total Allies 10 | . . . . . 1 . 9 Largest Group 5 | . . . . . 1 . 5 Highest-Rated Group 138 | . . . . . 26 . 138 Highest-Rated Ally 37 | . . . . . 26 . 37 Total Orders . | . . . . . . . . Ally Attacks 43 | . . . . . . . 43 Total Damage 763 | . . . . . . . 763 Kills 5 | . . . . . . . 5 Allies Corrupted . | . . . . . . . . Allies Melted . | . . . . . . . . Intel | -11 -10 -9 -9 -8 -7 -6 -6 ------- Run | Scr Mat Mat Min Mat Fac Fac Ext Robot Analysis Total . | . . . . . . . . Derelict Logs Recovered . | . . . . . . . . Drone Launches . | . . . . . . . . Drone Recoveries . | . . . . . . . . Exploration | -11 -10 -9 -9 -8 -7 -6 -6 ------------- Run | Scr Mat Mat Min Mat Fac Fac Ext Turns Passed 2549 | 128 246 287 45 226 931 291 395 Spaces Moved 1888 | 109 216 214 28 162 676 245 238 Core 344 | 17 . . . . 254 60 13 Treads . | . . . . . . . . Legs 504 | . . . . 20 422 . 62 Wheels 692 | 92 216 214 28 142 . . . Hover 348 | . . . . . . 185 163 Flight . | . . . . . . . . Fastest Speed 50 | 50 100 100 110 110 50 60 50 Average Speed 108 | 92 100 108 110 111 105 107 130 Slowest Speed 250 | 100 100 110 110 180 150 135 250 Overloaded Moves . | . . . . . . . . Propulsion Burnouts . | . . . . . . . . Robots Hopped . | . . . . . . . . Cave-ins Triggered . | . . . . . . . . Exploration Rate (%) 18 | 4 28 24 6 18 24 6 38 Regions Visited 7 Branch Regions 2 Pre-discovered Areas . | . . . . . . . . Known Exits Taken 3 | . . . . 1 1 1 . Unknown Exits Taken 4 | 1 1 1 1 . . . . Scrap Searched . | . . . . . . . . Spaces Dug 8 | . . . . . 8 . . Terrain Destroyed 77 | . . 2 25 14 36 . . Melee 1 | . . . . . 1 . . Projectile . | . . . . . . . . AOE 76 | . . 2 25 14 35 . . Actions | -11 -10 -9 -9 -8 -7 -6 -6 --------- Run | Scr Mat Mat Min Mat Fac Fac Ext Total 2224 | 128 239 253 36 193 802 271 302 Wait 57 | . 1 5 . 1 37 13 . Move 1881 | 108 215 213 27 161 675 244 238 Hop . | . . . . . . . . Pick Up 56 | 10 11 9 1 6 8 6 5 Fast Attach 8 | . . 1 . . 3 2 2 Attach 37 | 6 1 3 . 6 7 5 9 Detach 1 | . . 1 . . . . . Swap 17 | . 1 5 1 . 10 . . Drop 30 | . 5 8 1 5 8 1 2 Fire 75 | 4 5 8 6 9 41 . 2 Melee 22 | . . . . . 11 . 11 Ram 8 | . . . . . 1 . 7 Kick 1 | . . . . . 1 . . Crush . | . . . . . . . . Escape Stasis . | . . . . . . . . Rewire 31 | . . . . 5 . . 26 Trap . | . . . . . . . . Miscellaneous . | . . . . . . . . Route ------- -11/Scrapyard -10/Materials -9/Materials -9/Mines -8/Materials -7/Factory -6/Factory -6/Extension History --------- Turn | Location | Event 8 | -11/Scrapyard | Discovered new exit (range 15) 129 | -11/Scrapyard | Entered Materials 300 | -10/Materials | Discovered new exit (range 16) 325 | -10/Materials | Build established: Mutant 375 | -10/Materials | Entered another Materials area 375 | -9/Materials | Evolved 2 slots: Utility x2 398 | -9/Materials | Discovered new exit (range 15) 662 | -9/Materials | Entered Mines 662 | -9/Mines | Discovered new exit (range 12) 707 | -9/Mines | Entered Materials 707 | -8/Materials | Evolved 2 slots: Propulsion x1, Weapon x1 923 | -8/Materials | Discovered new exit (range 7) 928 | -8/Materials | Identified exit to Factory 933 | -8/Materials | Entered Factory 933 | -7/Factory | Evolved 2 slots: Utility x2 1261 | -7/Factory | Destroyed 7 combat bots 1383 | -7/Factory | Fabricated O-24 Administrator? 1579 | -7/Factory | Lost 4 parts (1p3w) 1636 | -7/Factory | Lost 5 parts (1p3n1w) 1832 | -7/Factory | Core integrity fell below 50% 1845 | -7/Factory | Discovered new exit (range 15) 1863 | -7/Factory | Identified exit to Factory 1864 | -7/Factory | Entered another Factory area 1864 | -6/Factory | Evolved 2 slots: Power x1, Utility x1 2143 | -6/Factory | Discovered new exit (range 10) 2152 | -6/Factory | Identified exit to Extension 2155 | -6/Factory | Entered Extension 2211 | -6/Extension | Rescued a captive Derelict 2245 | -6/Extension | Rescued a captive Derelict 2267 | -6/Extension | Rescued a captive Derelict 2269 | -6/Extension | Rescued a captive Derelict 2420 | -6/Extension | Core integrity fell below 50% 2443 | -6/Extension | Core integrity fell below 20% 2468 | -6/Extension | Lost 15 parts (3n6u6w) 2509 | -6/Extension | Rescued a captive Derelict 2525 | -6/Extension | Spotted B-75 Beast 2535 | -6/Extension | Spotted B-75 Beast 2550 | -6/Extension | Destroyed by Y-54 Guardian with Flak Gun Last Messages --------------- 02531_ U-05 Engineer destroyed. 02531_ R-10 Processor collects Melee Analysis Suite. 02534_ 11-Z7D(b) destroyed. 02535_ R-10 Processor collects Ripper. 02536_ 51-6GR(g) destroyed. 02538_ R-10 Processor collects Imp. Heat Sink. 02539_ 4U-7VE(g) destroyed. 02539_ YW-I4Q(g) destroyed. 02541_ R-10 Processor collects Carbon-fiber Leg. 02544_ R-10 Processor collects Hrd. Light Armor Plating. 02544_ R-10 Processor collects Lgt. Ion Engine. 02545_ Carbon-fiber Leg destroyed. 02545_ Knocked back. 02545_ Bore Cannon destroyed. 02547_ R-10 Processor collects Carbon-fiber Leg. 02547_ Hvy. Laser destroyed. 02548_ Machine disabled. 02549_ Dropped Myomer Leg. 02549_ Dropped Imp. Carbon-fiber Leg. 02550_ R-10 Processor collects Imp. Carbon-fiber Leg. Map ----- +----------------------------------------------------+ | /%% %% # ### #?????????????????????????????????? | | #%%%%% #####?# #?????????????????????????????????? | | ############## #?????????????????????????????????? | | RR #?????????????????????????????????? | | #?????????????????????????????????? | | #?????????????????????????????????? | | ############## #?????????????????????????????????? | | ?????????????#R#?????????????????????????????????? | | ????????###### #?????????????????????????????????? | | ????????####T# #?????????????????????????????????? | | ????????## #????????? #??????????????????????? | | ????????###### #????????? ?????????????????????? | | ????????###### #????????? ?????????????????????? | | ?????????????# #????????? ???????????????????? | | ?????????????# #????????? ???????????????????? | | ?????????????# #????????? ????????????????????? | | ?????????????# #????????? ?????????????????????? | | ?????????????# #????????# ??????????????????????? | | ?????????????# #?######?# #??????????????????????? | | ???????????### ### ## ### ###????????????????????? | | ???????????# "["" Y "" " #????????????????????? | | ??????????## %! " #????????????????????? | | ??????????#; RY%* #????????????????????? | | ??????????## %*= #????????????????????? | | ??????????#; =![ = ######???????????????? | | ??? @ ????????? | | ??? R ????????? | | ??? t BB BB ????????? | | ??? BB BB ?????????? | | ??? uuR |% kRu t R ?????????? | | ???######### = R ###########??????????? | | ???????????# #????????????????????? | | ???????????# #????????????????????? | | ???????????# #????????????????????? | | ???????????# #????????????????????? | | ???????????######T#"""#######????????????????????? | | ????????????????##???????????????????????????????? | | ?????????????????????????????????????????????????? | | | | | | | | | | | | | | | | | | | | | | | | | +----------------------------------------------------+ Best States ------------- Heat Dissipation 64 Coolant Potential 65 Energy Generation 16 Energy Capacity 290 Matter Stores 400 Matter Capacity 400 Sight Range 16 Robot Scan Range 10 Terrain Scan Density 10 Armor Coverage 600 Evasion (%) 53 Core Analysis 6 Item Schematics ----------------- None Robot Schematics ------------------ None Fabricated ------------ O-24 Administrator | x1 | -7/Factory | Preloaded Alien Tech Used ----------------- None Achievements -------------- None Challenges ------------ None Game ------ Seed IntegrationDefenseMeganuke Manual? 0 Play Time 00:47:08 Cumulative 241.3 hours Start 2020.09.06 @ 00:44:30 End 2020.09.06 @ 01:30:35 Sessions 1 Manual Loads 0 Difficulty Rogue Special Mode None Game No. 156 Rogue 155 Adventurer 1 Explorer 0 Win Type - Total 1 Types 1/0/0/0/0/0/0 Lore% 55 Gallery% 68 Achievement% 46 Wizard Run 0 Options --------- ASCII 0 Keyboard 0 Movement Arrows Keybinds 0 Fullscreen 0 Font 16/SmallcapsGlow Map View 76x50 Tactical HUD 1 Map Filters NONE Filters NONE Steam 1 RUN: 7e154a61-b49b-4158-8561-3ecbef03f83a